 Dungeon Crawl Stone Soup version 0.30-a0-341-g682706514a (webtiles) character file.

Game seed: 12394454100278529506

6786 Decritt the Fighter (level 10, 0/80 (85) HPs)
             Began as a Demonspawn Cinder Acolyte on Nov 4, 2022.
             Was an Elder of Ignis.
             Killed from afar by a lindwurm (15 damage)
             ... with a blast of flame
             ... on level 9 of the Dungeon.
             The game lasted 00:22:00 (9473 turns).

Decritt the Fighter (Demonspawn Cinder Acolyte)     Turns: 9473, Time: 00:22:00

HP:   0/80 (85)     AC: 19    Str: 24    XL:     10   Next: 76%
MP:   11/11         EV:  7    Int: 15    God:    Ignis [****..]
Gold: 1048          SH: 17    Dex: 16    Spells: 11/11 levels left

rFire   + . .      SeeInvis .    v - +2 whip (freeze)
rCold   . . .      Faith    .    E - +0 tower shield
rNeg    . . .      Spirit   .    x - +0 plate armour
rPois   .          Reflect  +    o - +1 helmet
rElec   .          Harm     .    A - +0 cloak {rCorr}
rCorr   +          Rampage  .    (gloves unavailable)
Will    .....                    n - +1 pair of boots
Stlth   ..........               j - amulet of reflection
HPRegen 0.33/turn                z - +6 ring of dexterity
MPRegen 0.12/turn                i - +6 ring of strength

@: mighty, flying, drained
A: repulsion field 2, foul stench 1, powered by pain 2, demonic touch 3
a: Renounce Religion, Fiery Armour, Foxfire Swarm, Rising Flame


You were on level 9 of the Dungeon.
You worshipped Ignis.
Ignis was greatly pleased with you.
You visited 2 branches of the dungeon, and saw 10 of its levels.
You also visited: Ossuary.

You collected 1614 gold pieces.
You spent 566 gold pieces at shops.

Inventory:

Hand Weapons
 u - the +5 shortbow "Arcanum" {antimagic, Stlth+}
   (You found it on level 4 of the Dungeon)

   It reduces the magical energy of the wielder, and disrupts the spells and
   magical abilities of those it strikes.
   Natural abilities and divine invocations are not affected.
   Stlth:     It makes you more stealthy.
 v - a +2 whip of freezing (weapon)
Missiles
 p - a poisoned dart (quivered)
Armour
 n - a +1 pair of boots (worn)
 o - a +1 helmet (worn)
 x - a +0 plate armour (worn)
 A - a +0 cloak of preservation (worn)
 E - a +0 tower shield (worn)
Jewellery
 i - a +6 ring of strength (right hand)
 j - an amulet of reflection (around neck)
 z - a +6 ring of dexterity (left hand)
Wands
 C - a wand of mindburst (14)
 D - a wand of polymorph (8)
Scrolls
 f - 3 scrolls of vulnerability
 k - 2 scrolls of poison
 t - 2 scrolls of noise
 y - 7 scrolls of teleportation
Potions
 a - a potion of cancellation {unknown}
 b - a potion of degeneration {unknown}
 c - 3 potions of curing
 d - 3 potions of mutation
 e - a potion of flight
 g - 3 potions of invisibility
 h - 4 potions of brilliance
 l - 2 potions of attraction
 m - a potion of berserk rage {unknown}
 q - 4 potions of haste
 s - 2 potions of heal wounds {unknown}
 w - a potion of magic {unknown}


   Skills:
 * Level 10.0 Fighting
 * Level 9.1 Axes
 + Level 8.3 Armour
 + Level 2.1 Dodging
 + Level 1.7 Shields
 - Level 1.0 Spellcasting
 - Level 2.6 Fire Magic


You had 11 spell levels left.
You didn't know any spells.
Your spell library contained the following spells:

 Spells                   Type           Power      Damage    Failure   Level
 Magic Dart               Conj           0%         1d3       100%        1
 Scorch                   Fire           16%        2d5       100%        2
 Searing Ray              Conj           0%         2d4       100%        2
 Gell's Gravitas          Tloc           0%         N/A       100%        3
 Lesser Beckoning         Tloc           0%         N/A       100%        3
 Ozocubu's Armour         Ice            0%         N/A       100%        3
 Stone Arrow              Conj/Erth      0%         3d7       100%        3
 Teleport Other           Tloc           0%         N/A       100%        3
 Animate Armour           Summ/Erth      0%         N/A       100%        4
 Fulminant Prism          Conj/Hex       0%         3d5       100%        4
 Metabolic Englaciation   Hex/Ice        0%         N/A       100%        5
 Simulacrum               Ice/Necr       0%         N/A       100%        6
 Lehudib's Crystal Spear  Conj/Erth      0%         10d2      100%        8


Dungeon Overview and Level Annotations

Branches:
Dungeon (9/15)             Temple (1/1) D:7         Ossuary (visited)
   Lair: D:8-11         Orc: D:9-12

Altars:
Ashenzari
Cheibriados
Dithmenos
Fedhas
Gozag
Hepliaklqana
Kikubaaqudgha
Makhleb
Okawaru
Sif Muna
Uskayaw
Vehumet
Wu Jian
Yredelemnul

Shops:
D:2 [   D:5 =   D:6 [


Innate Abilities, Weirdness & Mutations

You are surrounded by a moderate repulsion field. (EV +3)
You may rarely emit foul miasma when damaged in melee.
You sometimes gain power by taking damage.
Your touch may irresistibly damage your foes and sap their willpower.


Message History

The lindwurm claws you but does no damage.
The lindwurm bites you but does no damage.
The lindwurm closely misses you. You block the lindwurm's attack.
The lindwurm bites you!
You focus on the pain.
You feel mightier all of a sudden.
The lindwurm claws you but does no damage. x2
You whack the lindwurm! You freeze the lindwurm.
The lindwurm is moderately wounded.
You block the lindwurm's attack.
The lindwurm claws you but does no damage.
You block the lindwurm's attack. The lindwurm breathes flames at you.
The blast of flame hits you! You resist.
You hit the lindwurm. You freeze the lindwurm.
The lindwurm is moderately wounded.
The lindwurm bites you. The lindwurm claws you.
* * * LOW HITPOINT WARNING * * *
The lindwurm claws you but does no damage.
The lindwurm bites you but does no damage.
You block the lindwurm's attack.
The lindwurm claws you but does no damage.
The lindwurm attacks as you move away! You block the lindwurm's attack.
The lindwurm claws you but does no damage.
The lindwurm completely misses you. The lindwurm attacks as you move away!
You block the lindwurm's attack.
The lindwurm claws you but does no damage.
You block the lindwurm's attack. The lindwurm breathes flames at you.
The blast of flame hits you! You resist.
* * * LOW HITPOINT WARNING * * *
The lindwurm breathes flames at you. The blast of flame hits you. You resist.
* * * LOW HITPOINT WARNING * * *
The lindwurm breathes flames at you. The blast of flame hits you! You resist.
* * * LOW HITPOINT WARNING * * *
You feel better. The lindwurm breathes flames at you.
The blast of flame hits you! You resist.
You die...

### #######.......§≈......
....#..........≈§≈≈≈§≈§...
.....(..#....≈≈≈≈≈≈≈≈≈§≈≈.
###...#.#.#...≈§§≈≈≈§≈≈§≈≈≈≈ ...
...#....§§§§≈≈≈≈≈§§≈§≈≈
#.##..#....≈§§§§§....§§≈≈≈
#.)...#...≈≈§§§§§.##..k§≈§
###..)#...≈§§≈§..####..≈§≈
##.#.....#..@≈≈≈§k.#.)?.#.§≈≈
#......).)..≈≈≈≈≈k##!|>$##.§≈ .
#..#.....#..≈≈§≈≈k##[})|##.≈§
...#####.....#...§≈§≈§.#. [.#.k§§
.................≈≈§≈≈(.## #(.§≈≈
#...#.......≈≈§≈≈(..##..k≈§§
######).......<...≈≈≈≈≈≈(((§≈≈≈≈≈
#.................≈≈§≈§§≈≈≈≈≈≈≈≈≈
#...)..............≈≈§≈≈≈≈§§§≈≈≈≈


You could see 3 lindwurms.

Vanquished Creatures
  A two-headed ogre (D:9)
  Pikel (D:6)
  A hornet (D:8)
  Prince Ribbit (D:5)
  Sigmund (D:2)
  Eustachio (D:6)
  13 yaks
  An acid dragon (D:8)
  A water moccasin (D:7)
  An orc warrior (D:6)
  2 black bears
  2 ogres
  A centaur (D:6)
  4 bullfrogs
  A kobold brigand (D:6)
  4 scorpions
  5 water moccasin zombies (Ossuary)
  7 wights
  10 killer bees
  4 howler monkeys
  2 hounds
  A jelly (D:5)
  An orc priest (D:7)
  A gnoll bouda (D:9)
  Crazy Yiuf (D:6)
  4 orc wizards
  4 iguanas
  2 mummies (Ossuary)
  Robin (D:2)
  10 gnolls
  7 adders
  A white imp (D:5)
  An ufetubus (D:6)
  6 adder zombies (Ossuary)
  2 worms (D:5)
  A dart slug (D:3)
  11 orcs
  12 ball pythons
  9 endoplasms
  6 giant cockroaches
  9 hobgoblins
  4 jackals (D:2)
  3 quokkas
  9 bats
  2 frilled lizards
  3 gnoll zombies (Ossuary)
  20 goblins
  9 hobgoblin zombies (Ossuary)
  11 kobolds
  3 kobold zombies (Ossuary)
  5 orc zombies (Ossuary)
  6 rats
229 creatures vanquished.

Vanquished Creatures (others)
  2 plants (D:6)
2 creatures vanquished.

Grand Total: 231 creatures vanquished

Notes
Turn   | Place    | Note
-------+----------+-------------------------------------------
     0 | D:1      | Decritt the Demonspawn Cinder Acolyte began the quest for
                  | the Orb.
     0 | D:1      | Reached XP level 1. HP: 18/18 MP: 2/2
   325 | D:1      | Gained mutation: You are surrounded by a mild repulsion
                  | field. (EV +2) [demonic ancestry]
   325 | D:1      | Reached XP level 2. HP: 13/24 MP: 3/3
   431 | D:1      | Found a faded altar of an unknown god.
   825 | D:2      | Noticed Robin
   835 | D:2      | Killed Robin
   836 | D:2      | Reached skill level 1 in Armour
   836 | D:2      | Gained mutation: You may rarely emit foul miasma when
                  | damaged in melee. [demonic ancestry]
   836 | D:2      | Reached XP level 3. HP: 14/29 MP: 4/4
   984 | D:2      | Noticed Sigmund
   998 | D:2      | Killed Sigmund
   999 | D:2      | Reached skill level 4 in Fighting
   999 | D:2      | Gained mutation: Your touch may inflict minor irresistible
                  | damage on your foes. [demonic ancestry]
   999 | D:2      | Reached XP level 4. HP: 15/38 MP: 5/5
   999 | D:2      | Reached XP level 5. HP: 17/43 MP: 6/6
  1593 | D:2      | Found Olitunis's Armour Shop.
  1597 | D:2      | Bought a +0 cloak for 49 gold pieces
  1597 | D:2      | Bought a +0 pair of boots for 49 gold pieces
  1834 | D:3      | Gained mutation: You are surrounded by a moderate repulsion
                  | field. (EV +3) [demonic ancestry]
  1834 | D:3      | Reached XP level 6. HP: 31/49 MP: 7/7
  1986 | D:3      | Found a snail-covered altar of Cheibriados.
  2724 | D:4      | Reached skill level 5 in Fighting
  2884 | D:4      | Identified the +5 shortbow "Arcanum" {antimagic, Stlth+}
  3111 | D:4      | Gained mutation: Your touch may inflict irresistible damage
                  | on your foes. [demonic ancestry]
  3111 | D:4      | Reached XP level 7. HP: 20/56 MP: 3/8
  3987 | D:5      | Entered Level 5 of the Dungeon
  4143 | D:5      | Reached skill level 5 in Axes
  4314 | D:5      | Noticed Prince Ribbit
  4348 | D:5      | Killed Prince Ribbit
  4349 | D:5      | Reached skill level 6 in Fighting
  4349 | D:5      | Gained mutation: You sometimes gain a little power by
                  | taking damage. [demonic ancestry]
  4349 | D:5      | Reached XP level 8. HP: 18/64 MP: 3/9
  4698 | D:5      | Reached skill level 5 in Armour
  4869 | D:5      | Found Ateproli's Jewellery Emporium.
  5136 | D:6      | Noticed Pikel
  5158 | D:6      | Killed Pikel
  5159 | D:6      | Reached skill level 7 in Fighting
  5285 | D:6      | Found Ponisyf's Armour Shoppe.
  5501 | D:6      | Noticed Eustachio
  5515 | D:6      | Killed Eustachio
  5516 | D:6      | Gained mutation: You sometimes gain power by taking damage.
                  | [demonic ancestry]
  5516 | D:6      | Reached XP level 9. HP: 72/72 MP: 10/10
  6077 | D:6      | Found a runed translucent door.
  6078 | D:6      | Noticed Crazy Yiuf
  6083 | D:6      | Killed Crazy Yiuf
  6217 | D:7      | Reached skill level 8 in Fighting
  6502 | D:7      | Found a staircase to the Ecumenical Temple.
  6517 | Temple   | Entered the Ecumenical Temple
  6721 | D:7      | Found a sand-covered staircase.
  6733 | Ossuary  | Entered an ossuary
  6947 | Ossuary  | Identified a scroll of acquirement
  6947 | Ossuary  | Acquired 1033 gold pieces
  7056 | D:5      | Bought a +6 ring of strength for 468 gold pieces
  7164 | D:7      | Found an iron altar of Okawaru.
  8083 | D:8      | Gained mutation: Your touch may irresistibly damage your
                  | foes and sap their willpower. [demonic ancestry]
  8083 | D:8      | Reached XP level 10. HP: 75/81 MP: 11/11
  8215 | D:8      | Reached skill level 9 in Fighting
  8778 | D:9      | Noticed a two-headed ogre
  8791 | D:9      | Killed a two-headed ogre
  8792 | D:9      | Reached skill level 1 in Dodging
  8870 | D:9      | Reached skill level 1 in Shields
  9091 | D:9      | Noticed a lindwurm
  9091 | D:9      | Noticed a lindwurm
  9093 | D:9      | Noticed a lindwurm
  9097 | D:9      | Noticed a lindwurm
  9390 | D:9      | Reached skill level 10 in Fighting
  9473 | D:9      | Killed from afar by a lindwurm

Illustrated notes

Levels and vault maps discovered:
D:1:      lightli_arrival_boilingwater, layout_rooms,
          hellmonk_ecumenical_altar_zigzags, serial_curves, eino_curves_03,
          eino_curves_03, eino_curves_01
D:2:      layout_basic, serial_shops, shop, glass_columns_a, uniq_robin,
          uniq_sigmund
D:3:      minmay_chambers_of_twos, layout_loops_ring, elyvilon_altar_1,
          marbit_many_paths, item_on_display_a
D:4:      layout_layer_cave
D:5:      layout_loops_ring, serial_shops, shop, uniq_prince_ribbit1
D:6:      layout_loops_ring, serial_shops, shop, serial_bayou_pond_d,
          uniq_crazy_yiuf_cottage, uniq_pikel, uniq_eustachio
D:7:      layout_layer_cave, mainiacjoe_overflow_brackets,
          minmay_temple_entry_ruins, enter_ossuary_3
D:8:      layout_basic, lemuel_crystal_altar
D:9:      layout_basic, mainiacjoe_overflow_tiny_flanked,
          nicolae_overflow_hidden_temple, mainiacjoe_overflow_swirl,
          orc_0_dummy, minmay_lindwurm_lava
Temple:   hellmonk_temple_two_chambers

Skill      XL: |  1  2  3  4  5  6  7  8  9 10 |
---------------+-------------------------------+-----
Axes           | 3 4 5 6 8 9 |  9.1
Armour         | 1 2 3 4 6 7 8 |  8.3
Fighting       | 4 5 6 7 8 10 | 10.0
Dodging        | 2 |  2.1
Shields        | 1 |  1.7
Spellcasting   | |  1.0
Fire Magic     | |  2.6

Action                   |  1- 3 |  4- 6 |  7- 9 | 10-12 || total
-------------------------+-------+-------+-------+-------++-------
Melee: Hand axe          |    98 |   129 |    85 |       ||   312
       Touch             |       |    21 |    68 |    15 ||   104
       Shortbow          |       |     1 |       |       ||     1
       Punch             |       |       |     2 |       ||     2
       Whip              |       |       |   287 |   157 ||   444
 Fire: Shortbow          |       |    24 |    75 |       ||    99
Throw: Dart              |       |    23 |    44 |    37 ||   104
Invok: Fiery Armour      |     2 |     2 |       |       ||     4
  Use: Scroll            |       |     6 |     9 |     2 ||    17
       Potion            |       |       |       |     2 ||     2
Armor: Robe              |    15 |       |       |       ||    15
       Chain mail        |    25 |   104 |    61 |       ||   190
       Plate armour      |       |       |   128 |    37 ||   165
Dodge: Dodged            |    50 |    63 |   169 |    29 ||   311
Block: Other             |    15 |    26 |    84 |     7 ||   132
       Reflection        |       |     2 |     1 |       ||     3
       Tower shield      |       |       |       |   101 ||   101

Table legend: (Time is in decaauts)
 A = Elapsed time spent in this place.
 B = Non-inter-level travel time spent in this place.
 C = Inter-level travel time spent in this place.
 D = Time resting spent in this place.
 E = Time spent auto-exploring this place.
 F = Levels seen in this place.
 G = Mean time per level.
                   A        B        C        D        E       F      G
               +--------+--------+--------+--------+--------+-----+--------+
         Total |   9598 |   9347 |    251 |   1488 |   5874 |  11 |  872.5 |
       Dungeon |   9273 |   9022 |    251 |   1488 |   5753 |   9 | 1030.3 |
        Temple |     63 |     63 |      0 |      0 |     51 |   1 |   63.0 |
       Ossuary |    261 |    261 |      0 |      0 |     70 |   1 |  261.0 |
               +--------+--------+--------+--------+--------+-----+--------+

Top non-repeatable levels by time:
     D:6: 1463 daAuts
     D:4: 1365 daAuts
     D:7: 1280 daAuts
     D:3: 1005 daAuts
     D:2: 904 daAuts
     D:5: 902 daAuts
     D:1: 836 daAuts
     D:8: 769 daAuts
     D:9: 745 daAuts
 Ossuary: 261 daAuts
  Temple: 63 daAuts
